 Dungeon Crawl Stone Soup version 0.23-a0-470-g6f7cfd9 (webtiles) character file.

1899 Lavandula the Gusty (level 9, -7/81 HPs)
             Began as a Naga Air Elementalist on Nov 26, 2018.
             Mangled by an orc high priest
             ... wielding a +0 war axe
              (9 damage)
             ... in a bailey.
             The game lasted 00:20:25 (2688 turns).

Lavandula the Gusty (Naga Air Elementalist)         Turns: 2688, Time: 00:20:26

Health: -7/81      AC:  8    Str: 17    XL:     9   Next: 15%
Magic:  0/23       EV: 12    Int: 18    God:
Gold:   125        SH:  0    Dex: 13    Spells: 5/15 levels left

rFire    + . .     SeeInvis +   l - +2 dagger (venom)
rCold    . . .     Gourm    .   (no shield)
rNeg     . . .     Faith    .   i - +0 leather armour of a bazaar {*Contam rCorr MP+9 Str+4}
rPois    +         Spirit   .   (no helmet)
rElec    .         Reflect  .   n - +0 cloak
rCorr    +         Harm     .   o - +2 pair of gloves
MR       +....                  (no barding)
Stlth    ++........             (no amulet)
HPRegen  0.23/turn              j - +3 ring of strength
MPRegen  0.18/turn              t - ring of protection from fire

@: short of breath, very slow
A: large, see invisible, deformed body, poison resistance, slowness 2, slow
metabolism 1, spit poison 1, AC +3
a: Spit Poison


You were in a bailey.
You were not hungry.

You visited 1 branch of the dungeon, and saw 7 of its levels.
You also visited: Sewer and Bailey.

You collected 125 gold pieces.

Inventory:

Hand Weapons
 k - a +0 falchion
 l - a +2 dagger of venom (weapon)
 m - a +4 whip
 r - a cursed +0 arbalest
Armour
 i - the +0 leather armour of a bazaar (worn) {*Contam rCorr MP+9 Str+4}
   (You found it on level 6 of the Dungeon)

   It affects your strength (+4).
   It affects your magic capacity (+9).
   It causes magical contamination when unequipped.
   It provides partial protection from all sources of acid and corrosion.
 n - a +0 cloak (worn)
 o - a +2 pair of gloves (worn)
Jewellery
 j - a +3 ring of strength (left hand)
 t - a ring of protection from fire (right hand)
Scrolls
 h - a scroll of amnesia
 q - a scroll of teleportation
 u - a scroll of remove curse
Potions
 b - a potion of berserk rage
 d - a potion of haste
 e - 2 potions of flight {unknown}
 f - 4 potions of heal wounds
 g - 7 potions of curing {unknown}
 p - 2 potions of lignification
 s - a potion of agility {unknown}
 w - a potion of might {unknown}
Comestibles
 a - a chunk of flesh
 c - 3 rations


   Skills:
 - Level 5.4 Fighting
 - Level 5.9 Dodging
 - Level 3.0 Stealth
 - Level 3.5 Spellcasting
 - Level 1.0 Conjurations
 + Level 7.4 Air Magic


You had 5 spell levels left.
You knew the following spells:

 Your Spells              Type           Power        Failure   Level  Hunger
a - Shock                 Conj/Air       ###.         3%          1    None
b - Swiftness             Chrm/Air       ###.....     6%          2    ##.....
c - Airstrike             Air            ####......   9%          4    ####...
d - Static Discharge      Conj/Air       ###.....     10%         3    ###....

Your spell library contained the following spells:

 Spells                   Type           Power        Failure   Level  Hunger
 Lightning Bolt           Conj/Air       ###.......   67%         5    ######.


Dungeon Overview and Level Annotations

Branches:
Dungeon (7/15)
 Temple: D:4-7

Altars:
Okawaru


Innate Abilities, Weirdness & Mutations

You cannot wear boots.
Your serpentine skin is tough. (AC +3)
You have supernaturally acute eyesight. (SInv)
Armour fits poorly on your strangely shaped body.
Your system is resistant to poisons. (rPois)
You cover ground very slowly.
You have a slow metabolism.
You can spit poison.


Message History

* * * LOW HITPOINT WARNING * * *
The hellwing hits you but does no damage.
The orc high priest closely misses you. The gnoll completely misses you.
Unknown command.
Unknown command.
Press: ? - help, Shift-Dir - straight line, f/p - orc high priest
Aim: an orc high priest, wielding a +0 war axe and wearing a +0 scale mail The splash of poison hits the orc high priest.
The orc high priest is poisoned.
The orc high priest is almost dead.
You feel slightly more hungry. The smoke demon gestures at you.
Beogh smites you!
* * * LOW HITPOINT WARNING * * *
The hellwing barely misses you.
The hellwing hits you but does no damage.
The gnoll hits you with a +0 hand axe!
* * * LOW HITPOINT WARNING * * *
The orc high priest hits you with a +0 war axe!
You die...

+.....g.o_ ...'
#.8....g .8.# #.....
.o.# #.8.### ###.8.#
#.....#######.....#
#.8...#.....#...8.#
#.....#.....#.....#
####..#.)⌠..#go####
#..'.)..@o3.#
#..'....4gg.#
#####)''#####
#...).......#
###≈≈≈)...≈≈≈≈#####
≈≈≈≈≈≈≈≈...≈≈≈≈≈≈≈≈≈
≈≈≈≈≈≈≈≈≈...≈≈≈≈≈≈≈≈≈
≈≈≈≈≈≈≈≈≈...≈≈≈≈≈≈≈≈≈
≈≈≈≈≈≈≈≈≈...≈≈≈≈≈≈≈≈≈


You could see an orc high priest, a hellwing, a smoke demon, an orc warrior, 2
gnolls and a hobgoblin.

Vanquished Creatures
  A kobold demonologist (Bailey)
  An orc warrior (D:6)
  A phantom (D:6)
  5 ogres
  A centaur (D:6)
  A big kobold (Sewer)
  Blork the orc (D:4)
  A bullfrog (D:6)
  2 howler monkeys (D:4)
  An electric eel (Bailey)
  2 hounds
  An orc priest (D:5)
  2 iguanas
  4 orc wizards
  5 worker ants
  A worker ant zombie (D:6)
  2 adders
  4 gnolls
  4 river rats (D:6)
  3 oozes
  2 adder skeletons
  A worm (D:2)
  3 dart slugs
  3 leopard geckos
  24 orcs
  2 bats (Sewer)
  2 giant cockroaches
  3 hobgoblins
  13 jackals
  A quokka (D:4)
  2 ball pythons
  6 frilled lizards
  14 goblins
  19 kobolds
  A leopard gecko skeleton (D:5)
  A leopard gecko zombie (D:5)
  7 rats
147 creatures vanquished.

Notes
Turn   | Place    | Note
-------+----------+-------------------------------------------
     0 | D:1      | Lavandula the Naga Air Elementalist began the quest for the
                  | Orb.
     0 | D:1      | Reached XP level 1. HP: 15/15 MP: 3/3
    75 | D:1      | Reached XP level 2. HP: 13/22 MP: 0/5
   225 | D:3      | Reached XP level 3. HP: 13/28 MP: 2/7
   386 | D:2      | Learned a level 2 spell: Swiftness
   463 | D:3      | Reached XP level 4. HP: 25/36 MP: 6/9
   529 | D:3      | Reached skill level 4 in Air Magic
   536 | D:3      | Learned a level 4 spell: Airstrike
   627 | D:3      | Reached XP level 5. HP: 29/42 MP: 5/10
   840 | D:5      | Entered Level 5 of the Dungeon
   932 | D:4      | Noticed Blork the orc
   947 | D:4      | Killed Blork the orc
   947 | D:4      | Reached skill level 5 in Air Magic
   949 | D:4      | Reached XP level 6. HP: 20/49 MP: 3/11
  1055 | D:4      | Noticed a phantom
  1219 | D:4      | Reached skill level 6 in Air Magic
  1368 | D:4      | Reached XP level 7. HP: 55/55 MP: 7/12
  1378 | D:4      | Reached skill level 7 in Air Magic
  1495 | D:4      | Reached skill level 1 in Fighting
  1501 | D:4      | Learned a level 3 spell: Static Discharge
  1626 | D:5      | Found an iron altar of Okawaru.
  1784 | D:6      | Reached XP level 8. HP: 30/72 MP: 9/13
  1790 | D:6      | Got a diamond-studded leather armour
  1811 | D:5      | Identified the +0 leather armour of a bazaar {*Contam rCorr
                  | MP+9 Str+4} (You found it on level 6 of the Dungeon)
  1904 | D:6      | HP: 2/73 [ogre/+0 giant club (14)]
  1905 | D:6      | Reached skill level 5 in Fighting
  1980 | D:6      | Found a glowing drain.
  1987 | Sewer    | Entered a sewer
  2396 | D:6      | Found Kiloen's Gadget Shop.
  2512 | D:7      | Found a flagged portal.
  2517 | Bailey   | Entered a bailey
  2612 | Bailey   | Reached skill level 5 in Dodging
  2629 | Bailey   | Found an iron altar of Okawaru.
  2629 | Bailey   | Noticed a kobold demonologist
  2629 | Bailey   | Noticed an orc high priest
  2651 | Bailey   | Killed a kobold demonologist
  2651 | Bailey   | Reached XP level 9. HP: 81/81 MP: 7/14
  2683 | Bailey   | Noticed a hellwing
  2683 | Bailey   | Noticed a smoke demon
  2688 | Bailey   | HP: 2/81 [gnoll/+0 hand axe (9)]
  2688 | Bailey   | Mangled by an orc high priest

Vault maps used:
D:1:      minmay_arrival_shoal_huts, minmay_ruptured
D:2:      marbit_many_paths, first_ration
D:4:      uniq_blork_the_orc
D:5:      basic_altar
D:6:      nicolae_whirlpool, serial_shops, shop, portal_sewer_entry_b
D:7:      minmay_temple_entry_mist, enter_bailey_3
Sewer:    kennysheep_pipe_town
Bailey:   bailey_axe_of_yendor_kennysheep, bailey

Skill      XL: |  1  2  3  4  5  6  7  8 |
---------------+-------------------------+-----
Spellcasting   | 3 |  3.5
Air Magic      | 4 5 6 7 |  7.4
Fighting       | 4 5 |  5.4
Dodging        | 5 |  5.9
Stealth        | |  3.0
Conjurations   | |  1.0

Action                   |  1- 3 |  4- 6 |  7- 9 || total
-------------------------+-------+-------+-------++-------
Melee: Dagger            |       |     3 |    28 ||    31
 Cast: Shock             |    36 |    66 |   144 ||   246
       Airstrike         |       |     3 |    10 ||    13
       Static Discharge  |       |       |     6 ||     6
       Swiftness         |       |       |     1 ||     1
 Abil: Spit Poison       |    24 |    22 |    41 ||    87
  Use: Scroll            |       |       |    11 ||    11
  Eat: Chunk             |       |     3 |     9 ||    12
Armor: Robe              |     3 |    22 |    14 ||    39
       Leather armour    |       |       |    17 ||    17
Dodge: Dodged            |    18 |    26 |    69 ||   113

Table legend:
 A = Non-vault XP
 B = Vault XP
 C = Vault XP percentage of total XP
 D = Non-vault monster count
 E = Vault monster count
 F = Vault count percentage of total count
                 A         B        C        D         E       F
            +---------+---------+-------+---------+---------+-------
      Total |    1954 |     760 |  28.0 |     102 |      45 |  30.6
            +---------+---------+-------+---------+---------+-------
        D:1 |      14 |       0 |   0.0 |       9 |       0 |   0.0
        D:2 |      27 |       0 |   0.0 |      13 |       0 |   0.0
        D:3 |     177 |       0 |   0.0 |      29 |       0 |   0.0
        D:4 |     574 |      96 |  14.3 |      21 |       1 |   4.5
        D:5 |     262 |       0 |   0.0 |      13 |       0 |   0.0
        D:6 |     900 |      54 |   5.7 |      17 |       6 |  26.1
        D:7 |       0 |       7 | 100.0 |       0 |       4 | 100.0
      Sewer |       0 |     140 | 100.0 |       0 |      24 | 100.0
     Bailey |       0 |     463 | 100.0 |       0 |      10 | 100.0
            +---------+---------+-------+---------+---------+-------
